 Dungeon Crawl Stone Soup version 0.29-a0-352-g0917bc69df (webtiles) character file.

Game seed: 12454325658933078500

518 Majang the Firebug (level 7, -2/36 HPs)
             Began as a Tengu Fire Elementalist on Apr 24, 2022.
             Slain by a sky beast (5 damage)
             ... on level 4 of the Dungeon.
             The game lasted 00:14:44 (4044 turns).

Majang the Firebug (Tengu Fire Elementalist)        Turns: 4044, Time: 00:14:45

Health: -2/36      AC:  4    Str:  8    XL:     7   Next: 21%
Magic:  14/15      EV: 15    Int: 17    God:
Gold:   222        SH:  0    Dex: 15    Spells: 13/16 levels left

rFire   . . .      SeeInvis .   e - +1 lajatang
rCold   . . .      Faith    .   (shield currently unavailable)
rNeg    . . .      Spirit   .   a - +1 robe
rPois   .          Reflect  .   (helmet restricted)
rElec   .          Harm     .   (no cloak)
rCorr   .          Rampage  .   c - +0 pair of gloves
Will    .....                   (boots unavailable)
Stlth   ++........              r - amulet of magic regeneration
HPRegen 0.12/turn               (no ring)
MPRegen 0.54/turn               (no ring)

@: flying quickly and evasively, quick
A: beak, talons 3, nimble flight
a: no special abilities


You were on level 4 of the Dungeon.
You visited 1 branch of the dungeon, and saw 4 of its levels.

You collected 222 gold pieces.

Inventory:

Hand Weapons
 e - a +1 lajatang (weapon)
Armour
 a - a +1 robe (worn)
 c - a +0 pair of gloves (worn)
Jewellery
 g - an amulet of the acrobat
 r - an amulet of magic regeneration (around neck)
Wands
 k - a wand of mindburst (7)
 q - a wand of acid (5)
Scrolls
 f - a scroll of immolation {unknown}
 h - a scroll of fear
 n - a scroll of blinking
Potions
 b - a potion of magic
 d - a potion of brilliance
 i - 4 potions of heal wounds
 j - a potion of ambrosia {unknown}
 l - a potion of mutation {unknown}
 m - a potion of flight {unknown}


   Skills:
 + Level 0.3 Fighting
 + Level 0.4 Staves
 + Level 2.3 Dodging
 - Level 2.0 Stealth
 * Level 5.0 Spellcasting
 + Level 4.8 Conjurations
 + Level 5.0 Fire Magic
 + Level 0.6 Evocations


You had 13 spell levels left.
You knew the following spells:

 Your Spells              Type           Power      Damage    Failure   Level
a - Foxfire               Conj/Fire      84%        2x1d8     1%          1
b - Scorch                Fire           42%        2d7       2%          2

Your spell library contained the following spells:

 Spells                   Type           Power      Damage    Failure   Level
 Conjure Flame            Conj/Fire      21%        6-21      5%          3
 Inner Flame              Hex/Fire       12%        N/A       16%         3
 Flame Wave               Conj/Fire      21%        2d7       19%         4
 Cause Fear               Hex            2%         N/A       80%         4
 Discord                  Hex            2%         N/A       100%        8


Dungeon Overview and Level Annotations

Branches:
Dungeon (4/15)
 Temple: D:4-7

Altars:
Dithmenos

Shops:
D:3 (


Innate Abilities, Weirdness & Mutations

You have a beak for a mouth.
You have claws for feet.
Your magical nature lets you fly swiftly and evasively.


Message History

The sky beast is moderately wounded.
You miss the sky beast.
The sky beast is moderately wounded.
The sky beast closely misses you.
You slash the sky beast! Your kick misses the sky beast.
The sky beast is severely wounded.
The sky beast hits you but does no damage. x2
You hit the sky beast but do no damage. You claw the sky beast.
The sky beast is almost dead.
The sky beast misses you.
You barely miss the sky beast. Your kick misses the sky beast.
Your peck misses the sky beast.
The sky beast is almost dead.
The sky beast hits you but does no damage.
The sky beast closely misses you.
You completely miss the sky beast. You claw the sky beast.
You peck the sky beast, but do no damage.
The sky beast is almost dead.
The sky beast hits you. The sky beast shocks you.
You closely miss the sky beast. You claw the sky beast.
The sky beast is almost dead.
The sky beast flickers out of sight!
Deactivating autopickup; reactivate with Ctrl-A.
Something hits you. Something shocks you.
You closely miss something. Your kick misses something.
Your peck misses something. Something hits you. Something shocks you.
Something hits you.
* * * LOW HITPOINT WARNING * * *
Something shocks you.
* * * LOW HITPOINT WARNING * * *
Unknown command.
Casting: Foxfire (safe; 1% risk of failure)
Confirm with . or Enter, or press ? or * to list all spells.
You can't see any susceptible monsters within range! (Use Z to cast anyway.)
Casting: Foxfire (safe; 1% risk of failure)
Confirm with . or Enter, or press ? or * to list all spells.
You conjure some foxfire!
Something hits you.
* * * LOW HITPOINT WARNING * * *
Something shocks you.
You die...

....# #.#
###.# #.# #
#.# #.# #
#.# #.# #
#.#####.#
#.....#>#
#####.#.#
#####
#.#.########
..).#
#.#......v@#
###.#
#.########{#
#.# #.# ...#
#.###.#
##..#
#.....# #..#
######..#
#..#
........#
#..#
######.##
#... #.#


There were no monsters in sight!

Vanquished Creatures
  A black bear (D:3)
  An ogre (D:4)
  2 phantoms (D:4)
  A scorpion (D:4)
  An orc priest (D:3)
  2 adders
  2 worms
  A dart slug (D:4)
  10 orcs
  5 ball pythons
  7 bats
  6 endoplasms
  7 goblins
  4 hobgoblins
  5 jackals
  6 kobolds
  3 quokkas
  4 frilled lizards (D:1)
  6 rats
74 creatures vanquished.

Vanquished Creatures (others)
  217 foxfires
217 creatures vanquished.

Grand Total: 291 creatures vanquished

Notes
Turn   | Place    | Note
-------+----------+-------------------------------------------
     0 | D:1      | Majang the Tengu Fire Elementalist began the quest for the
                  | Orb.
     0 | D:1      | Reached XP level 1. HP: 10/10 MP: 4/4
   443 | D:1      | Reached XP level 2. HP: 15/15 MP: 1/6
   447 | D:1      | Learned a level 2 spell: Scorch
  1299 | D:1      | Reached XP level 3. HP: 19/19 MP: 5/8
  2383 | D:3      | Reached XP level 4. HP: 24/24 MP: 6/9
  2461 | D:3      | Found Wawer's Weapon Boutique.
  2585 | D:3      | Noticed a black bear
  2606 | D:3      | Killed a black bear
  2607 | D:3      | Gained mutation: Your magical nature lets you fly swiftly
                  | and evasively. [Tengu growth]
  2607 | D:3      | Reached XP level 5. HP: 10/28 MP: 3/11
  2871 | D:3      | Found a shadowy altar of Dithmenos.
  2928 | D:3      | Identified the +4 dagger of Amortisation {freeze, *Rage
                  | rF+++ Dex+7}
  3224 | D:4      | Noticed a phantom
  3235 | D:4      | Killed a phantom
  3236 | D:4      | Reached XP level 6. HP: 29/32 MP: 11/13
  3804 | D:4      | Reached skill level 5 in Fire Magic
  3804 | D:4      | Reached XP level 7. HP: 36/36 MP: 12/15
  4034 | D:4      | Reached skill level 5 in Spellcasting
  4044 | D:4      | Slain by a sky beast

Illustrated notes

Levels and vault maps discovered:
D:1:      minmay_arrival_jagged, layout_basic
D:2:      layout_rooms, supply_closet_lemuel, fountainhead
D:3:      layout_basic, grunt_dithmenos_smoke, serial_shops, shop
D:4:      layout_loops_ring

Skill      XL: |  1  2  3  4  5  6  7 |
---------------+----------------------+-----
Conjurations   | 2 3 4 |  4.8
Spellcasting   | 3 4 5 |  5.0
Fire Magic     | 4 5 |  5.0
Fighting       | |  0.3
Staves         | |  0.4
Dodging        | |  2.3
Stealth        | |  2.0
Evocations     | |  0.6

Action                   |  1- 3 |  4- 6 |  7- 9 || total
-------------------------+-------+-------+-------++-------
Melee: Club              |     2 |       |       ||     2
       Lajatang          |    10 |    10 |    10 ||    30
       Kick              |     1 |     4 |     4 ||     9
       Peck              |     1 |     1 |     1 ||     3
 Cast: Foxfire           |    65 |    49 |    10 ||   124
       Scorch            |     1 |     6 |     5 ||    12
  Use: Scroll            |       |    10 |       ||    10
 Stab: Sleeping          |     1 |     1 |       ||     2
Armor: Robe              |     3 |     3 |     3 ||     9
Dodge: Dodged            |    10 |    15 |     7 ||    32

Table legend: (Time is in decaauts)
 A = Elapsed time spent in this place.
 B = Non-inter-level travel time spent in this place.
 C = Inter-level travel time spent in this place.
 D = Time resting spent in this place.
 E = Time spent auto-exploring this place.
 F = Levels seen in this place.
 G = Mean time per level.
                   A        B        C        D        E       F      G
               +--------+--------+--------+--------+--------+-----+--------+
         Total |   3973 |   3887 |     86 |   1215 |   2061 |   4 |  993.2 |
       Dungeon |   3973 |   3887 |     86 |   1215 |   2061 |   4 |  993.2 |
               +--------+--------+--------+--------+--------+-----+--------+

Top non-repeatable levels by time:
     D:1: 1383 daAuts
     D:2: 979 daAuts
     D:3: 823 daAuts
     D:4: 787 daAuts
